 Dungeon Crawl Stone Soup version 0.19-a0-1035-gdbfb0c6 (webtiles) character file.

3905 UltraSvitz the Severer (level 10, -15/80 HPs)
             Began as a Minotaur Berserker on July 30, 2016.
             Was an Elder of Trog.
             Demolished by an ogre
             ... wielding a +0 giant club
              (21 damage)
             ... on level 7 of the Dungeon.
             The game lasted 00:34:27 (7171 turns).

UltraSvitz the Severer (Minotaur Berserker)         Turns: 7171, Time: 00:34:29

Health: -15/80     AC:  8    Str: 24    XL:     10   Next: 0%
Magic:  9/9        EV:  9    Int:  4    God:    Trog [****..]
Gold:   235        SH:  0    Dex: 11    Spells: 0 memorised, 9 levels left

rFire  . . .     SeeInvis .     C - +2 battleaxe (freeze)
rCold  . . .     Gourm    .     n - +0 chain mail
rNeg   . . .     Faith    .     (shield currently unavailable)
rPois  .         Spirit   .     (helmet restricted)
rElec  .         Dismiss  .     (no cloak)
rCorr  .         Reflect  .     (no gloves)
SustAt .         Harm     .     (no boots)
MR     .....                    (no amulet)
Stlth  ..........               (no ring)
                                (no ring)

@: not resistant to hostile enchantments, extremely unstealthy
A: retaliatory headbutt, horns 2
a: Berserk, Trog's Hand, Brothers in Arms, Burn Spellbooks, Renounce Religion


You were on level 7 of the Dungeon.
You worshipped Trog.
Trog was greatly pleased with you.
You were not hungry.

You visited 2 branches of the dungeon, and saw 8 of its levels.

You collected 235 gold pieces.

Inventory:

Hand Weapons
 C - a +2 battleaxe of freezing (weapon)
Armour
 n - a +0 chain mail (worn)
Jewellery
 d - an uncursed ring of poison resistance {unknown}
 u - an uncursed ring of fire {unknown}
 w - a cursed ring of loudness {unknown}
 x - an uncursed ring of stealth {unknown}
Wands
 a - a wand of paralysis (14/24)
 s - a wand of lightning (6/15)
 v - a wand of slowing (17/48)
 y - a wand of lightning (7/15)
Scrolls
 e - 4 scrolls of magic mapping
 g - 2 scrolls of enchant weapon {unknown}
 h - 2 scrolls of blinking
 o - 2 scrolls of fear {unknown}
 p - 3 scrolls of identify
 q - a scroll of random uselessness {unknown}
 r - a scroll of remove curse
 A - a scroll of amnesia {unknown}
 B - a scroll of vulnerability {unknown}
 D - a scroll of recharging
Potions
 i - a potion of resistance
 j - 2 potions of curing
 l - 2 potions of heal wounds
 m - a potion of ambrosia {unknown}
 t - a potion of invisibility {unknown}
 z - a potion of cure mutation {unknown}
Comestibles
 b - 8 slices of pizza
 c - 10 bread rations
 f - 3 meat rations
 k - 10 fruits
 E - 2 beef jerkies


   Skills:
 * Level 4.8 Fighting
 - Level 16.1 Axes
 - Level 2.4 Armour
 - Level 2.1 Dodging


You had 9 spell levels left.
You didn't know any spells.

Dungeon Overview and Level Annotations

Branches:
Dungeon (7/15)             Temple (1/1) D:5

Altars:
Ashenzari
Cheibriados
Dithmenos
Elyvilon
Fedhas
Gozag
Hepliaklqana
Makhleb
Okawaru
Pakellas
Qazlal
Ru
Sif Muna
Trog
Uskayaw
Vehumet
Xom
Yredelemnul
Zin
The Shining One


Innate Abilities, Weirdness & Mutations

You reflexively headbutt those who attack you in melee.
You have a pair of horns on your head.


Message History

You kill the ogre!
Trog accepts your kill.
You have reached level 10!
* * * LOW HITPOINT WARNING * * *
You feel sick.
Okay, then.
Unknown command.
You feel better.
You see here a giant club.
You start resting.
An ogre is nearby!
The ogre shouts!
You closely miss the ogre. The ogre hits you with a giant club.
You closely miss the ogre. You barely miss the ogre.
The ogre hits you with a giant club!!
* * * LOW HITPOINT WARNING * * *
You slash the ogre! You freeze the ogre.
The ogre is moderately wounded.
The ogre hits you with a giant club!!
You die...

###...#>..## ####.#####
......#..## ####### #.##
.....###'######..##.## #..##
..P..#.[)##.#...###..####...#####
###..#...###.###(##..'.......†...
..#..#...# #.#....#..####...#####
..#..##''# #.##)###.## #..##
#'#.....)###.##)##### #...#
.......))##..##.@.# ###.#
.......))#..#####O# #.#
.......)).P.♣# .# #.#
.##'#....P.♣.♣ ## #.#
.#..#.....P.♣♣ #.# .#..#..P...♣P♣
### #.# .####.....P.♣♣
#.########.# ...........P.# #
#.....÷....#
...........P##.+#############


You could see an ogre.

Vanquished Creatures
  An oklob plant (D:4)
  A yak (D:7)
  A hippogriff (D:7)
  A hog (D:7)
  A human (D:7)
  The ghost of Yermak the Sneak, an amateur SpGl (D:3)
  2 orc warriors (D:7)
  4 sky beasts
  A phantom (D:6)
  2 ogres (D:7)
  3 centaurs
  Blork the orc (D:6)
  2 big kobolds (D:7)
  3 giant frogs
  2 scorpions (D:4)
  7 wights
  A howler monkey (D:5)
  2 crimson imps
  A quasit (D:6)
  3 jellies
  A centaur skeleton (D:5)
  2 giant frog skeletons
  A hound (D:5)
  5 gnoll shamans (D:7)
  An orc priest (D:7)
  2 orc wizards
  3 worker ants
  2 sheep (D:7)
  16 gnolls
  7 adders
  2 shadow imps
  An adder zombie (D:5)
  A worm (D:2)
  2 dart slugs (D:1)
  4 giant geckos
  5 orcs
  10 bats
  14 giant cockroaches
  5 goblins
  8 hobgoblins
  A quokka (D:2)
  7 giant newts
  A jackal zombie (D:6)
  4 kobolds
  A quokka skeleton (D:5)
  4 rats
  A butterfly (D:3)
  20 fungi
  27 plants
198 creatures vanquished.

Vanquished Creatures (others)
  5 fungi (D:7)
  2 plants (D:7)
7 creatures vanquished.

Grand Total: 205 creatures vanquished

Notes
Turn   | Place    | Note
-------+----------+-------------------------------------------
     0 | D:1      | UltraSvitz the Minotaur Berserker began the quest for the Orb.
     0 | D:1      | Reached XP level 1. HP: 19/19 MP: 0/0
   103 | D:1      | Reached skill level 4 in Axes
   251 | D:1      | Reached XP level 2. HP: 23/26 MP: 1/1
  1119 | D:2      | Reached skill level 5 in Axes
  1163 | D:2      | Reached XP level 3. HP: 31/31 MP: 2/2
  1550 | D:2      | Found a glowing golden altar of the Shining One.
  1624 | D:2      | Found a shadowy altar of Dithmenos.
  1746 | D:2      | Reached ** piety under Trog
  1761 | D:3      | Found a shimmering altar of Xom.
  1774 | D:3      | Noticed Yermak's ghost (amateur SpGl)
  1803 | D:3      | Killed Yermak's ghost
  1803 | D:3      | Reached skill level 7 in Axes
  1803 | D:3      | Reached XP level 4. HP: 33/39 MP: 3/3
  1803 | D:3      | Reached XP level 5. HP: 38/45 MP: 4/4
  1927 | D:3      | Found a faded altar of an unknown god.
  2298 | D:4      | Noticed a centaur
  2304 | D:4      | Killed a centaur
  2304 | D:4      | Reached skill level 8 in Axes
  2304 | D:4      | Reached XP level 6. HP: 27/51 MP: 5/5
  2344 | D:4      | Found an oddly glowing altar of Pakellas.
  2651 | D:4      | Reached skill level 9 in Axes
  2856 | D:4      | Found a blossoming altar of Fedhas.
  2994 | D:4      | Noticed an oklob plant
  3164 | D:4      | Killed an oklob plant
  3164 | D:4      | Reached skill level 11 in Axes
  3164 | D:4      | Reached XP level 7. HP: 36/57 MP: 6/6
  3343 | D:5      | Entered Level 5 of the Dungeon
  3390 | D:5      | Reached XP level 8. HP: 11/64 MP: 7/7
  4011 | D:5      | Found a staircase to the Ecumenical Temple.
  4119 | Temple   | Entered the Ecumenical Temple
  4339 | D:5      | Reached skill level 12 in Axes
  4478 | D:5      | Reached *** piety under Trog
  5038 | D:6      | Found a shimmering altar of Xom.
  5060 | D:6      | Noticed Blork the orc
  5068 | D:6      | Killed Blork the orc
  5068 | D:6      | Reached skill level 13 in Axes
  5819 | D:6      | Reached XP level 9. HP: 44/70 MP: 8/8
  6094 | D:7      | Reached skill level 14 in Axes
  6390 | D:7      | Reached skill level 15 in Axes
  6775 | D:7      | Reached **** piety under Trog
  6800 | D:7      | Reached skill level 16 in Axes
  7079 | D:7      | Reached XP level 10. HP: 9/80 MP: 9/9
  7171 | D:7      | Demolished by an ogre

Vault maps used:
D:1:      dpeg_arrival_court
D:2:      nicolae_overflow_hidden_temple
D:3:      xom_butterflies, ecumenical_altar_1
D:4:      kennysheep_mini, first_bread, tgw_fedhas
D:6:      dk_xom_monty_hall, uniq_blork_the_orc
D:7:      kennysheep_seaside_town, grunt_livestock
Temple:   eino_temple_rhombus

Skill      XL: |  1  2  3  4  5  6  7  8  9 |
---------------+----------------------------+-----
Axes           | 4 5 7 8 11 13 16 | 16.1
Fighting       | 4 |  4.8
Armour         | |  2.4
Dodging        | |  2.1

Action                   |  1- 3 |  4- 6 |  7- 9 | 10-12 || total
-------------------------+-------+-------+-------+-------++-------
Melee: Hand axe          |    59 |       |       |       ||    59
       Headbutt          |     8 |    80 |    41 |       ||   129
       War axe           |    44 |   256 |   131 |       ||   431
       Battleaxe         |       |       |    98 |     4 ||   102
Invok: Berserk           |     1 |       |     4 |       ||     5
       Burn Spellbooks   |       |     1 |     1 |       ||     2
       Trog's Hand       |       |       |     3 |       ||     3
  Use: Scroll            |    10 |       |       |       ||    10
       Potion            |     1 |     1 |       |     1 ||     3
  Eat: Chunk             |     3 |     3 |    14 |       ||    20
       Beef jerky        |       |     1 |       |       ||     1
       Bread ration      |       |       |     1 |       ||     1
       Fruit             |       |       |     1 |       ||     1
Armor: Animal skin       |     6 |       |       |       ||     6
       Chain mail        |    51 |    20 |    86 |       ||   157
Dodge: Dodged            |    58 |    23 |    88 |       ||   169
